 Dungeon Crawl Stone Soup version 0.16.1-16-gc44b35d (webtiles) character file.

14 hulla the Insei (level 2, 16/18 HPs)
             Began as an Octopode Transmuter on Apr 16, 2015.
             Quit the game on level 1 of the Dungeon.
             The game lasted 00:02:18 (838 turns).

hulla the Insei (Octopode Transmuter)                Turns: 838, Time: 00:02:19

Health: 16/18      AC:  1    Str:  9    XL:     2   Next: 45%
Magic:  4/4        EV: 12    Int: 15    God:
Gold:   40         SH:  0    Dex: 12    Spells: 1 memorised, 4 levels left

rFire  . . .     SeeInvis .       - Unarmed
rCold  . . .     Clarity  .     (no shield)
rNeg   . . .     SustAb   .     (helmet restricted)
rPois  .         Gourm    .     (no amulet)
rElec  .         Spirit   .     (no ring)
rCorr  .         Warding  .     (no ring)
rMut   .         Stasis   .     (no ring)
MR     .....                    (no ring)
Stlth  ++........               (no ring)
                                (no ring)
                                (no ring)
                                (no ring)

@: not resistant to hostile enchantments, unstealthy
A: almost no armour, amphibious, 8 rings, constrict 8, camouflage 1,
deterioration 1, spit poison 1, gelatinous body 1, forlorn
a: Spit Poison


You were on level 1 of the Dungeon.
You were not hungry.

You visited 1 branch of the dungeon, and saw 1 of its levels.

You collected 40 gold pieces.

Inventory:

Missiles
 b - 33 arrows
 e - 44 stones (quivered)
 g - 9 arrows of flame
Scrolls
 h - a scroll of fear {unknown}
 j - a scroll of identify {unknown}
Books
 d - a book of Changes

   Spells                             Type                      Level
   a - Beastly Appendage              Transmutation                1
   b - Sticks to Snakes               Transmutation                2
   c - Spider Form                    Transmutation/Poison         3
   d - Ice Form                       Ice/Transmutation            4
   e - Blade Hands                    Transmutation                5
Comestibles
 a - a bread ration
 i - 4 chunks of flesh


   Skills:
 - Level 1.0 Fighting
 - Level 2.0 Dodging
 - Level 3.0 Unarmed Combat
 - Level 2.0 Spellcasting
 + Level 3.0 Transmutations


You had 4 spell levels left.
You knew the following spells:

 Your Spells              Type           Power        Failure   Level  Hunger
a - Beastly Appendage     Trmt           ##....       8%          1    #......


Dungeon Overview and Level Annotations

Branches:
Dungeon (1/15)

Altars:


Innate Abilities, Weirdness & Mutations

You cannot wear most types of armour.
You are amphibious.
You can wear up to eight rings at the same time.
You can use your tentacles to constrict many enemies at once.
Your skin changes colour to match your surroundings (Stealth).
Your rubbery body absorbs attacks (AC +1).
Your body is slowly deteriorating.
You can spit poison.
You have difficulty communicating with the divine.


Message History

You constrict the hobgoblin. The hobgoblin hits you with a club.
You tentacle-slap the hobgoblin.
You kill the hobgoblin!
Things that are here:
a club; a hobgoblin corpse You butcher the hobgoblin corpse.
i - 4 chunks of flesh (gained 2)
You see here a club.
Unknown command.
Drink which item? (? for menu, Esc to quit)
It was a potion of cure mutation.
It has a very clean taste.
Drink which item? (? for menu, Esc to quit)
It was a potion of magic.
Magic courses through your body.
Drink which item? (? for menu, Esc to quit)
It was a potion of mutation.
You feel extremely strange.
There is a nasty taste in your mouth for a moment.
You feel yourself wasting away.
You feel forlorn.
Quiver which item? (- for none, * to show all) (? for menu, Esc to quit)
Okay, then.
Are you sure you want to abandon this character and quit the game? (Confirm with "yes".)

#####.# #.# ##.###
###....# #....#.#
#....#.# #####.####
#...##.# #........#
##..##.# ##.###.##.#
##..##.# ##..@.#
##......#####.###...#
..............#
.......
##.....######.#
..###.. ##.##.# ##..
.## # ####.# #....
#.# .### #.# # #.#


There were no monsters in sight!

Vanquished Creatures
  A giant gecko (D:1)
  A giant cockroach (D:1)
  2 goblins (D:1)
  2 hobgoblins (D:1)
  A ball python (D:1)
  A giant newt (D:1)
  3 kobolds (D:1)
  A rat (D:1)
12 creatures vanquished.

Notes
Turn   | Place    | Note
--------------------------------------------------------------
     0 | D:1      | hulla, the Octopode Transmuter, began the quest for the Orb.
     0 | D:1      | Reached XP level 1. HP: 13/13 MP: 3/3
   254 | D:1      | Reached XP level 2. HP: 11/18 MP: 2/4
   837 | D:1      | Gained mutation: You can spit poison. [potion of mutation]
   837 | D:1      | Gained mutation: Your body is slowly deteriorating. [potion of mutation]
   837 | D:1      | Gained mutation: You have difficulty communicating with the divine. [potion of mutation]
   838 | D:1      | Quit the game

Action                   || total
-------------------------++-------
Melee: Unarmed           ||    25
Throw: Stone             ||     2
 Cast: Beastly Appendage ||     5
  Use: Potion            ||     3
